 Dungeon Crawl Stone Soup version 0.28-a0-533-g9f97627e2a (webtiles) character file.

Game seed: 12378765838929297173

133 Gargoyl the Skirmisher (level 5, -1/47 HPs)
             Began as a Gnoll Abyssal Knight on Sept 25, 2021.
             Was a Believer of Lugonu.
             Succumbed to Crazy Yiuf's poison
             ... on level 3 of the Dungeon.
             The game lasted 00:03:39 (3292 turns).

Gargoyl the Skirmisher (Gnoll Abyssal Knight)       Turns: 3292, Time: 00:03:39

Health: -1/47      AC: 11    Str: 14    XL:     5   Next: 16%
Magic:  17/17      EV:  9    Int:  9    God:    Lugonu [**....]
Gold:   107        SH:  8    Dex: 12    Spells: 6/6 levels left

rFire   + . .      SeeInvis .   a - +2 hand axe
rCold   . . .      Faith    .   g - +1 kite shield {rF+}
rNeg    . . .      Spirit   .   f - +2 chain mail {rPois}
rPois   +          Reflect  .   (no helmet)
rElec   .          Harm     .   (no cloak)
rCorr   .          Rampage  .   (no gloves)
Will    .....                   (no boots)
Stlth   ..........              c - amulet of the acrobat
HPRegen 0.15/turn               h - ring of magical power
MPRegen 0.15/turn               (no ring)

@: agile, lethally poisoned (-1 -> -9)
A: fangs 1, strong nose, distributed training
a: Renounce Religion, Depart the Abyss, Bend Space


You were on level 3 of the Dungeon.
You worshipped Lugonu.
Lugonu was pleased with you.
You visited 1 branch of the dungeon, and saw 3 of its levels.
You visited the Abyss 1 time.

You collected 107 gold pieces.

Inventory:

Hand Weapons
 a - a +2 hand axe (weapon)
Armour
 f - a +2 chain mail of poison resistance (worn)
 g - a +1 kite shield of fire resistance (worn)
Jewellery
 c - an amulet of the acrobat (around neck)
 h - a ring of magical power (left hand)
Wands
 d - a wand of digging (7)
Scrolls
 e - a scroll of teleportation
Potions
 i - 3 potions of flight


   Skills:
 + Level 6.6 Fighting
 + Level 1.4 Short Blades
 + Level 1.4 Long Blades
 + Level 4.7 Axes
 + Level 1.4 Maces & Flails
 + Level 1.4 Polearms
 + Level 1.4 Staves
 + Level 1.4 Slings
 + Level 1.4 Bows
 + Level 1.4 Crossbows
 + Level 1.4 Throwing
 + Level 4.7 Armour
 + Level 2.9 Dodging
 + Level 1.4 Stealth
 + Level 1.4 Shields
 + Level 1.4 Unarmed Combat
 + Level 1.4 Spellcasting
 + Level 1.1 Conjurations
 + Level 1.1 Hexes
 + Level 1.1 Summonings
 + Level 1.1 Necromancy
 + Level 1.1 Translocations
 + Level 1.1 Transmutations
 + Level 1.1 Fire Magic
 + Level 1.1 Ice Magic
 + Level 1.1 Air Magic
 + Level 1.1 Earth Magic
 + Level 1.1 Poison Magic
 + Level 4.8 Invocations
 + Level 1.4 Evocations


You had 6 spell levels left.
You didn't know any spells.
Your spell library contained the following spells:

 Spells                   Type           Power      Damage    Failure   Level
 Freeze                   Ice            8%         1d3       100%        1
 Ensorcelled Hibernation  Hex/Ice        4%         N/A       100%        2
 Frozen Ramparts          Ice            4%         1d2       100%        3
 Tukima's Dance           Hex            2%         N/A       100%        3
 Hailstorm                Conj/Ice       2%         3d3       100%        4


Dungeon Overview and Level Annotations

Branches:
Dungeon (3/15)

Altars:

Annotations:
D:3 Crazy Yiuf


Innate Abilities, Weirdness & Mutations

You have very sharp teeth.
Your uncanny sense of smell can sniff out nearby items.
Your experience applies equally to all skills.


Message History

You hit Crazy Yiuf. You bite Crazy Yiuf, but do no damage.
Crazy Yiuf is severely wounded.
Crazy Yiuf barely misses you.
Your chain mail prevents you from hitting Crazy Yiuf.
Your bite misses Crazy Yiuf.
Crazy Yiuf is severely wounded.
Crazy Yiuf hits you with a +4 quarterstaff of chaos.
You resist with some effort.
You barely miss Crazy Yiuf.
Crazy Yiuf is severely wounded.
Crazy Yiuf cries, "Fire!
Mugger green bush."
Crazy Yiuf hits you but does no damage. x2
You hit Crazy Yiuf. Your bite misses Crazy Yiuf.
Crazy Yiuf is severely wounded.
Crazy Yiuf cries, "You leg down broken song, no?"
Crazy Yiuf hits you with a +4 quarterstaff of chaos!
You hit Crazy Yiuf but do no damage.
Crazy Yiuf is severely wounded.
You block Crazy Yiuf's attack.
You closely miss Crazy Yiuf.
Crazy Yiuf is severely wounded.
Crazy Yiuf hits you with a +4 quarterstaff of chaos!
You feel agile all of a sudden.
Okay, then.
You hit Crazy Yiuf but do no damage.
Crazy Yiuf is severely wounded.
Crazy Yiuf completely misses you.
Crazy Yiuf hits you with a +4 quarterstaff of chaos!
* * * LOW HITPOINT WARNING * * *
It was a potion of magic.
Magic courses through your body.
Crazy Yiuf hits you with a +4 quarterstaff of chaos.
* * * LOW HITPOINT WARNING * * *
You closely miss Crazy Yiuf. You bite Crazy Yiuf.
Crazy Yiuf is severely wounded.
Crazy Yiuf hits you with a +4 quarterstaff of chaos.
* * * LOW HITPOINT WARNING * * *
You are lethally poisoned!
You barely miss Crazy Yiuf. You bite Crazy Yiuf, but do no damage.
Crazy Yiuf is severely wounded.
You die...

...####.####
#.............#
...####'#..#
###############
#..#.......#
#..#......##
#####
#..#.......#
#)..#
#..#########
#...# .......#
... .......#
#g# ..>....#
♣@♣♣ .......#
♣♣.♣ .......#
♣.♣♣ .......#
♣♣.♣ .......#
♣♣.♣♣ .......#
♣♣...♣ .......#
♣....♣ .......#
##..## .......#
#....#


You could see Crazy Yiuf.

Vanquished Creatures
  4 gnolls (D:3)
  An adder (D:2)
  A worm (D:2)
  3 dart slugs
  3 orcs (D:3)
  9 ball pythons
  6 bats
  12 endoplasms
  2 giant cockroaches
  6 hobgoblins
  4 jackals (D:3)
  5 kobolds
  3 quokkas
  4 frilled lizards
  4 goblins
  2 rats
69 creatures vanquished.

Notes
Turn   | Place    | Note
-------+----------+-------------------------------------------
     0 | Abyss:1  | Gargoyl the Gnoll Abyssal Knight began the quest for the
                  | Orb.
     0 | Abyss:1  | Reached XP level 1. HP: 23/23 MP: 3/3
     3 | Abyss:1  | Found a corrupted altar of Lugonu.
    44 | Abyss:1  | Noticed a quasit
    44 | Abyss:1  | Noticed a demonic crawler
    51 | Abyss:1  | Noticed a ynoxinul
    53 | D:1      | Escaped the Abyss
   229 | D:1      | You fall into a shaft and drop 1 floor!
   353 | D:1      | Reached XP level 2. HP: 28/29 MP: 5/5
   430 | D:1      | Reached * piety under Lugonu
   602 | D:1      | Reached XP level 3. HP: 16/35 MP: 6/6
  1519 | D:2      | Reached skill level 1 in Short Blades
  1519 | D:2      | Reached skill level 1 in Long Blades
  1519 | D:2      | Reached skill level 1 in Maces & Flails
  1519 | D:2      | Reached skill level 1 in Polearms
  1519 | D:2      | Reached skill level 1 in Staves
  1519 | D:2      | Reached skill level 1 in Slings
  1519 | D:2      | Reached skill level 1 in Bows
  1519 | D:2      | Reached skill level 1 in Crossbows
  1519 | D:2      | Reached skill level 1 in Throwing
  1519 | D:2      | Reached skill level 1 in Stealth
  1519 | D:2      | Reached skill level 1 in Shields
  1519 | D:2      | Reached skill level 1 in Unarmed Combat
  1519 | D:2      | Reached skill level 1 in Spellcasting
  1519 | D:2      | Reached skill level 1 in Evocations
  1601 | D:2      | Identified a scroll of acquirement
  1601 | D:2      | Acquired a +1 kite shield of fire resistance
  1682 | D:2      | Reached XP level 4. HP: 41/41 MP: 7/7
  2001 | D:2      | Found a faded altar of an unknown god.
  2361 | D:3      | Reached ** piety under Lugonu
  2435 | D:3      | Reached skill level 1 in Conjurations
  2435 | D:3      | Reached skill level 1 in Hexes
  2435 | D:3      | Reached skill level 1 in Summonings
  2435 | D:3      | Reached skill level 1 in Necromancy
  2435 | D:3      | Reached skill level 1 in Translocations
  2435 | D:3      | Reached skill level 1 in Transmutations
  2435 | D:3      | Reached skill level 1 in Fire Magic
  2435 | D:3      | Reached skill level 1 in Ice Magic
  2435 | D:3      | Reached skill level 1 in Air Magic
  2435 | D:3      | Reached skill level 1 in Earth Magic
  2435 | D:3      | Reached skill level 1 in Poison Magic
  2446 | D:3      | Reached XP level 5. HP: 20/47 MP: 8/8
  3010 | D:3      | Found a runed translucent door.
  3011 | D:3      | Noticed Crazy Yiuf
  3291 | D:3      | HP: 2/47 [Crazy Yiuf (1)]
  3292 | D:3      | Succumbed to Crazy Yiuf's poison

Illustrated notes

Levels and vault maps discovered:
D:1:      minmay_arrival_three_doors, layout_loops_ring, minmay_distorted
D:2:      layout_basic, hellmonk_ecumenical_altar_prayer_group,
          dk_noncrumbling_2, minmay_misc_feat_x
D:3:      layout_basic, kennysheep_generic_room_3, uniq_crazy_yiuf_cottage

Skill      XL: |  1  2  3  4 |
---------------+-------------+-----
Short Blades   | 1 |  1.4
Long Blades    | 1 |  1.4
Maces & Flails | 1 |  1.4
Polearms       | 1 |  1.4
Staves         | 1 |  1.4
Slings         | 1 |  1.4
Bows           | 1 |  1.4
Crossbows      | 1 |  1.4
Throwing       | 1 |  1.4
Stealth        | 1 |  1.4
Shields        | 1 |  1.4
Unarmed Combat | 1 |  1.4
Spellcasting   | 1 |  1.4
Evocations     | 1 |  1.4
Conjurations   | 1 |  1.1
Hexes          | 1 |  1.1
Summonings     | 1 |  1.1
Necromancy     | 1 |  1.1
Translocations | 1 |  1.1
Transmutations | 1 |  1.1
Fire Magic     | 1 |  1.1
Ice Magic      | 1 |  1.1
Air Magic      | 1 |  1.1
Earth Magic    | 1 |  1.1
Poison Magic   | 1 |  1.1
Fighting       | |  6.6
Axes           | |  4.7
Armour         | |  4.7
Dodging        | |  2.9
Invocations    | |  4.8

Action                   |  1- 3 |  4- 6 || total
-------------------------+-------+-------++-------
Melee: Hand axe          |   101 |    84 ||   185
       Bite              |    10 |     9 ||    19
Invok: Depart the Abyss  |     1 |       ||     1
  Use: Scroll            |     3 |     3 ||     6
       Potion            |       |     1 ||     1
Armor: Leather armour    |    15 |       ||    15
       Chain mail        |    24 |    48 ||    72
Dodge: Dodged            |    73 |    33 ||   106
Block: Kite shield       |       |    45 ||    45

Table legend: (Time is in decaauts)
 A = Elapsed time spent in this place.
 B = Non-inter-level travel time spent in this place.
 C = Inter-level travel time spent in this place.
 D = Time resting spent in this place.
 E = Time spent auto-exploring this place.
 F = Levels seen in this place.
 G = Mean time per level.
                   A        B        C        D        E       F      G
               +--------+--------+--------+--------+--------+-----+--------+
         Total |   3330 |   3286 |     44 |     40 |   2639 |   4 |  832.5 |
       Dungeon |   3277 |   3233 |     44 |     40 |   2598 |   3 | 1092.3 |
         Abyss |     53 |     53 |      0 |      0 |     41 |   1 |   53.0 |
               +--------+--------+--------+--------+--------+-----+--------+

Top non-repeatable levels by time:
     D:1: 1188 daAuts
     D:2: 1146 daAuts
     D:3: 941 daAuts
 Abyss:1: 53 daAuts
